Map: Lightshade LE

Players

Neeblet (Neeb)

  • Race: Protoss Protoss
  • League: Grandmaster
  • Spawn Location: 11:00

uwuThermal (uThermal) - Winner!

  • Race: Terran Terran
  • League: Master
  • Spawn Location: 5:00

VOD

Have the link to the VOD?

Description

Time

  • Played on: Dec. 17, 2020, 8:26 p.m.
  • Length: 5:24
Show
View Real Time Build Order
Export as new Build Order

Neeblet Protoss 

Build Orders: 1 Gate Expand, Blink Stalkers 

Get SALT Encoding   

  12  0:00  Probe  
  13  0:12  Probe  
  14  0:17  Pylon  
  14  0:24  Probe (Chrono Boost)  
  15  0:36  Gateway  
  15  0:37  Probe (Chrono Boost)  
  16  0:44  Probe (Chrono Boost)  
  16  0:49  Assimilator  
  17  0:52  Probe  
  18  1:04  Probe  
  19  1:16  Probe  
  20  1:23  Cybernetics Core  
  20  1:33  Nexus  
  20  1:38  Pylon  
  20  1:41  Probe  
  21  1:48  Assimilator  
  21  1:53  Probe  
  22  1:57  Adept (Chrono Boost)  
  24  2:05  Shield Battery  
  24  2:06  Probe  
  25  2:08  Warp Gate  
  25  2:17  Adept (Chrono Boost)  
  25  2:21  Probe  
  28  2:34  Shield Battery, Probe  
  29  2:40  Adept  
  31  2:48  Probe (Chrono Boost)  
  31  2:50  Probe (Chrono Boost)  
  33  2:51  Twilight Council  
  33  2:57  Probe (Chrono Boost)  
  35  3:00  Shield Battery, Probe (Chrono Boost)  
  35  3:02  Probe (Chrono Boost)  
  36  3:11  Probe (Chrono Boost)  
  35  3:14  Probe (Chrono Boost)  
  36  3:22  Blink (Chrono Boost)  
  36  3:23  Robotics Facility  
  36  3:26  Probe (Chrono Boost)  
  38  3:27  Probe (Chrono Boost)  
  38  3:30  Probe (Chrono Boost)  
  39  3:35  Probe  
  39  3:37  Gateway  
  39  3:41  Gateway  
  40  3:42  Probe  
  40  3:47  Probe  
  42  3:49  Pylon  
  42  3:51  Assimilator  
  42  3:54  Probe  
  43  3:57  Stalker  
  43  3:59  Probe  
  46  4:03  Assimilator  
  46  4:07  Pylon, Probe  
  47  4:10  Observer  
  47  4:11  Probe  
  49  4:19  Probe  
  49  4:23  Pylon, Stalker  
  49  4:24  Probe  
  53  4:31  Probe, Immortal (Chrono Boost)  
  53  4:36  Stalker  
  60  4:41  Stalker  
  61  4:52  Stalker  
  55  5:04  Zealot  
  50  5:10  Stalker  
  50  5:11  Probe  
  43  5:19  Stalker  
Show
View Real Time Build Order
Export as new Build Order

uwuThermal Terran - Winner!

Build Orders:  

Get SALT Encoding   

  12  0:00  SCV  
  13  0:12  SCV  
  14  0:16  Supply Depot  
  14  0:24  SCV  
  15  0:38  SCV  
  15  0:39  Barracks  
  16  0:42  Refinery  
  16  0:50  SCV  
  17  1:02  SCV  
  18  1:14  SCV  
  19  1:26  Marine, Orbital Command  
  20  1:40  Command Center  
  20  1:44  Barracks Reactor  
  20  1:52  SCV  
  21  1:57  Supply Depot  
  21  2:04  SCV  
  22  2:12  Factory  
  22  2:16  SCV  
  22  2:18  Refinery  
  22  2:20  Marine x2  
  25  2:28  SCV  
  26  2:38  Marine x2  
  26  2:41  SCV  
  29  2:52  Orbital Command  
  29  2:53  SCV  
  29  2:56  Starport  
  29  2:57  Marine, Factory Tech Lab  
  31  2:59  Marine  
  31  3:05  SCV  
  32  3:15  Marine  
  32  3:16  Siege Tank  
  32  3:17  Marine  
  32  3:18  SCV  
  37  3:21  SCV  
  38  3:30  SCV  
  38  3:32  Supply Depot  
  38  3:33  Marine  
  40  3:35  Marine, Medivac  
  43  3:49  Siege Tank  
  43  3:54  Marine x2, SCV x2  
  50  3:57  Supply Depot x2  
  50  4:06  SCV  
  50  4:09  SCV  
  52  4:12  Marine x2  
  54  4:19  SCV  
  54  4:20  Supply Depot  
  54  4:21  Siege Tank  
  59  4:26  Viking  
  59  4:29  Marine x2  
  59  4:31  SCV  
  64  4:32  Supply Depot, SCV  
  64  4:43  SCV  
  64  4:44  SCV  
  66  4:47  Marine x2  
  64  4:53  Bunker  
  64  4:55  SCV  
  68  5:05  Marine x2  
  66  5:23  Command Center  
Tags
 
Add a new tag
Caveats
  • Supply blocks, unpowered buildings, or Contaminate may cause inaccurate times.
  • Supply counts are checked every 10 seconds.